 Dungeon Crawl Stone Soup version 0.23.2-1-ga50397a (webtiles) character file.

Game seed: 15838940744817249789

142 Kairos the Ruffian (level 5, -12/42 HPs)
             Began as a Ghoul Warper on Apr 23, 2019.
             Killed by divine providence
             ... invoked by an orc priest
              (13 damage)
             ... on level 4 of the Dungeon.
             The game lasted 00:04:23 (1941 turns).

Kairos the Ruffian (Ghoul Warper)                   Turns: 1941, Time: 00:04:24

Health: -12/42     AC:  4    Str: 16    XL:     5   Next: 24%
Magic:  7/7        EV: 11    Int: 13    God:
Gold:   221        SH:  3    Dex:  8    Spells: 8/8 levels left

rFire    . . .     SeeInvis .     - Unarmed
rCold    + . .     Gourm    .   r - +1 buckler
rNeg     + + +     Faith    .   a - +0 leather armour
rPois    ∞         Spirit   .   j - +0 helmet
rElec    .         Reflect  .   (no cloak)
rCorr    .         Harm     .   (no gloves)
MR       .....                  (no boots)
Stlth    ..........             (no amulet)
HPRegen  0.00/turn              k - ring of attention (curse)
MPRegen  0.10/turn              (no ring)

@: brilliant, very slightly contaminated, rotting, invisible
A: rotting body, claws 1, carnivore, cold resistance 1, negative energy
resistance 3, inhibited regeneration, torment resistance, unbreathing
a: no special abilities


You were on level 4 of the Dungeon.
You were hungry.

You visited 1 branch of the dungeon, and saw 6 of its levels.

You collected 221 gold pieces.

Inventory:

Hand Weapons
 b - a +0 dagger of pain
 q - a +0 mace
Missiles
 d - 5 tomahawks of dispersal (quivered)
Armour
 a - a +0 leather armour (worn)
 j - a +0 helmet (worn)
 r - a +1 buckler (worn)
Jewellery
 k - a cursed ring of attention (left claw)
Scrolls
 c - a scroll of blinking
 e - a scroll of identify
 m - 2 scrolls of teleportation
Potions
 l - a potion of magic
 p - a potion of invisibility
Comestibles
 f - 5 rations


   Skills:
 + Level 2.3 Fighting
 + Level 0.8 Throwing
 + Level 2.0 Armour
 + Level 2.8 Dodging
 + Level 0.4 Stealth
 + Level 3.8 Unarmed Combat
 + Level 2.3 Spellcasting
   Level 2.6 Translocations


You had 8 spell levels left.
You didn't know any spells.
Your spell library contained the following spells:

 Spells                   Type           Power        Failure   Level  Hunger
 Blink                    Tloc           N/A          3%          2    ###....
 Shroud of Golubria       Chrm/Tloc      ##........   5%          2    ###....
 Gell's Gravitas          Tloc           ###.......   6%          3    ###....
 Lesser Beckoning         Tloc           ###.......   6%          3    ###....
 Teleport Other           Tloc           ###.....     6%          3    ###....
 Passage of Golubria      Tloc           N/A          17%         4    #####..


Dungeon Overview and Level Annotations

Branches:
Dungeon (6/15)             Temple (0/1) D:5

Altars:
Dithmenos
Kikubaaqudgha
Ru
Trog
Wu Jian


Innate Abilities, Weirdness & Mutations

Your body is rotting away.
You thrive on raw meat.
You are immune to poison.
You have sharp fingernails.
You are carnivorous and can eat meat at any time.
Your flesh is cold resistant. (rC+)
You are immune to negative energy. (rN+++)
You do not regenerate when monsters are visible.
You are immune to unholy pain and torment.
You can survive without breathing.


Message History

It was a potion of berserk rage.
You cannot raise a blood rage in your lifeless body.
The hound bites you.
* * * LOW HITPOINT WARNING * * *
Okay, then.
The hound bites you but does no damage.
You block the hound's attack. 2 orcs and an orc priest come into view.
The orc shouts! x2
The orc moves out of view.
You scratch the hound.
You kill the hound!
Your Armour skill increases to level 2!
You have reached level 5!
You feel stronger.
The orc shouts!
The orc priest shouts!
The orc shouts!
The orc priest calls down the wrath of Beogh upon you.
Beogh smites you!
You die...

.
....######
#o.o..#
#...###@#
... #.# .
#.# #>#
#.# #.#
#.# #.#
#.#


You could see an orc priest and an orc (wandering).

Vanquished Creatures
  A hound (D:4)
  Terence (D:2)
  4 adders
  A worm (D:3)
  3 leopard geckos (D:1)
  8 bats
  A giant cockroach (D:1)
  8 goblins
  3 hobgoblins
  6 kobolds
  A quokka (D:2)
  2 ball pythons
  3 frilled lizards
  7 rats
49 creatures vanquished.

Notes
Turn   | Place    | Note
-------+----------+-------------------------------------------
     0 | D:1      | Kairos the Ghoul Warper began the quest for the Orb.
     0 | D:1      | Reached XP level 1. HP: 17/17 MP: 2/2
    87 | D:1      | Reached XP level 2. HP: 22/24 MP: 4/4
   211 | D:1      | Reached skill level 1 in Armour
   257 | D:1      | Reached XP level 3. HP: 28/29 MP: 5/5
   571 | D:2      | Noticed Terence
   583 | D:2      | Killed Terence
   583 | D:2      | Reached skill level 3 in Unarmed Combat
   617 | D:2      | Reached XP level 4. HP: 33/36 MP: 6/6
   712 | D:2      | Found a bloodstained altar of Trog.
   893 | D:2      | Found an ornate altar of the Wu Jian Council.
   894 | D:2      | Found an ancient bone altar of Kikubaaqudgha.
   896 | D:2      | Found a shadowy altar of Dithmenos.
   896 | D:2      | Found a sacrificial altar of Ru.
  1877 | D:3      | You fall through a shaft for 3 floors!
  1898 | D:5      | Entered Level 5 of the Dungeon
  1898 | D:5      | Noticed an ogre
  1898 | D:5      | Noticed an ice beast
  1906 | D:5      | Found a staircase to the Ecumenical Temple.
  1916 | D:5      | Noticed a centaur
  1927 | D:4      | HP: 1/37 [hound (5)]
  1935 | D:4      | HP: 1/37 [hound (1)]
  1940 | D:4      | Reached XP level 5. HP: 1/42 MP: 7/7
  1941 | D:4      | Killed from afar by an orc priest

Skill      XL: |  1  2  3  4 |
---------------+-------------+-----
Spellcasting   | 2 |  2.3
Dodging        | 2 |  2.8
Armour         | 1 2 |  2.0
Unarmed Combat | 3 |  3.8
Fighting       | |  2.3
Throwing       | |  0.8
Stealth        | |  0.4
Translocations | |  2.6

Action                   |  1- 3 |  4- 6 || total
-------------------------+-------+-------++-------
Melee: Unarmed           |    86 |    89 ||   175
  Use: Scroll            |     2 |     2 ||     4
       Potion            |       |     8 ||     8
  Eat: Chunk             |    10 |     1 ||    11
Armor: Leather armour    |    58 |    25 ||    83
Dodge: Dodged            |    67 |    65 ||   132
Block: Buckler           |       |     7 ||     7
